 Dungeon Crawl Stone Soup version 0.27.1 (webtiles) character file.

Game seed: 18057969687160010673

50 Malachi the Magician (level 4, 0/31 HPs)
             Began as a Djinni Ice Elementalist on Aug 25, 2021.
             Was an Initiate of Ashenzari.
             Slain by Natasha (7 damage)
             ... on level 2 of the Dungeon.
             The game lasted 00:04:31 (2089 turns).

Malachi the Magician (Djinni Ice Elementalist)      Turns: 2089, Time: 00:04:32

Health: 0/31       AC:  2    Str:  7    XL:     4   Next: 4%
Gold:   51         EV: 12    Int: 17    God:    Ashenzari [......] SH:  0 Dex: 14

rFire    + + .     SeeInvis .   c - +0 dagger
rCold    x . .     Faith    .   (no shield)
rNeg     . . .     Spirit   .   a - +0 robe
rPois    ∞         Reflect  .   (no helmet)
rElec    .         Harm     .   (no cloak)
rCorr    .         Rampage  .   (no gloves)
Will     .....                  (boots unavailable)
Stlth    ++........             (no amulet)
HPRegen  0.10/turn              (no ring)
MPRegen  0.00/turn              (no ring)

@: freezing walls, flying
A: sickness immunity, fire resistance 2, cold vulnerability 1, float, innate
caster, hp casting, extra vitality 1
a: Renounce Religion, Curse Item


You were on level 2 of the Dungeon.
You worshipped Ashenzari.
Ashenzari was noncommittal.
You visited 1 branch of the dungeon, and saw 2 of its levels.

You collected 51 gold pieces.

Inventory:

Hand Weapons
 c - a +0 dagger (weapon)
 h - a +1 whip of venom
Missiles
 d - 4 curare-tipped darts
 j - 65 stones
Armour
 a - a +0 robe (worn)
Scrolls
 i - 3 scrolls of fog
Potions
 b - a potion of curing
 e - a potion of heal wounds
 f - a potion of invisibility
 g - a potion of lignification


   Skills:
 + Level 2.3 Dodging
 + Level 1.8 Stealth
 + Level 4.1 Spellcasting


You couldn't memorise any spells.
You knew the following spells:

 Your Spells              Type           Power      Damage    Failure   Level
a - Freeze                Ice            68%        1d8       3%          1
b - Frozen Ramparts       Ice            34%        1d5       9%          3
c - Ozocubu's Armour      Ice            17%        N/A       9%          3
d - Hailstorm             Conj/Ice       17%        3d6       28%         4
e - Beastly Appendage     Tmut           34%        N/A       3%          1
Your spell library was empty.

Dungeon Overview and Level Annotations

Branches:
Dungeon (2/15)

Altars:
Ashenzari

Annotations:
D:2 Natasha


Innate Abilities, Weirdness & Mutations

You are immune to sickness and miasma.
You are immune to poison.
Your flesh is very heat resistant. (rF++)
You are vulnerable to cold. (rC-)
You float through the air rather than walking.
You learn spells naturally, not from books.
Your magical power is your life essence.
You have superior vitality. (+4 HP)


Message History

You can't see any susceptible monsters within range! (Use Z to cast anyway.) Unknown command.
Natasha, Servant of Life and Death comes into view.
Natasha hisses angrily.
Natasha is nearby!
Natasha is nearby!
Natasha is nearby!
Natasha drinks a potion.
Natasha flickers and vanishes!
Deactivating autopickup; reactivate with Ctrl-A.
Casting: Freeze (safe; 3% risk of failure)
Confirm with . or Enter, or press ? or * to list all spells.
You can't see any susceptible monsters within range! (Use Z to cast anyway.)
There is a strange disturbance nearby!
Unknown command.
Unknown command.
Casting: Freeze (safe; 3% risk of failure)
Confirm with . or Enter, or press ? or * to list all spells.
The spell is quite dangerous to cast (9% risk of failure)!
Continue anyway?
Casting: Frozen Ramparts (quite dangerous; 9% risk of failure)
Press: ? - help, Dir - look around, f - activate The walls around you are covered in ice.
The wall freezes something.
Something claws you.
The wall freezes something.
Something completely misses you.
Casting: Frozen Ramparts (quite dangerous; 9% risk of failure)
Confirm with . or Enter, or press ? or * to list all spells.
You can't see any susceptible monsters within range! (Use Z to cast anyway.) Unknown command.
Casting: Frozen Ramparts (quite dangerous; 9% risk of failure)
Confirm with . or Enter, or press ? or * to list all spells.
You can't see any susceptible monsters within range! (Use Z to cast anyway.)
Casting: Frozen Ramparts (quite dangerous; 9% risk of failure)
Confirm with . or Enter, or press ? or * to list all spells.
You don't know that spell.
Unknown command.
Unknown command.
The wall freezes something.
Something claws you!
The wall freezes something.
Something claws you!
* * * LOW HITPOINT WARNING * * *
The wall freezes something.
Something claws you!
You die...

#.#..#..#
#.##.#..#..#
#.#.....#..#
#.#^.#.##..#
#.#..#.##..#
#.#........#
#.#.##.##.##
#######{#.##.##.#
.......@#.##.##.#
..............#.#
#..########.#.#.#
# #....!.# # #.
##.#.### ##
##..## #!#.# .
....# #.#.# ##
#...# #.#># .####
#...### #.#.#


There were no monsters in sight!

Vanquished Creatures
  Terence (D:2)
  A dart slug (D:1)
  4 endoplasms
  A hobgoblin (D:1)
  8 jackals (D:1)
  2 kobolds (D:1)
  A ball python (D:1)
  A bat (D:1)
  A goblin (D:1)
  4 rats
24 creatures vanquished.

Notes
Turn   | Place    | Note
-------+----------+-------------------------------------------
     0 | D:1      | Malachi the Djinni Ice Elementalist began the quest for the
                  | Orb.
     0 | D:1      | Reached XP level 1. HP: 15/15 MP: 0/0
   341 | D:1      | Found a faded altar of an unknown god.
   411 | D:1      | Reached XP level 2. HP: 16/21 MP: 0/0
  1110 | D:1      | Reached XP level 3. HP: 17/25 MP: 0/0
  1110 | D:1      | Learned a level 1 spell: Beastly Appendage
  1875 | D:1      | Became a worshipper of Ashenzari the Shackled
  1908 | D:2      | Noticed Terence
  1916 | D:2      | Killed Terence
  1917 | D:2      | Reached skill level 4 in Spellcasting
  1917 | D:2      | Reached XP level 4. HP: 24/31 MP: 0/0
  2083 | D:2      | Noticed Natasha
  2089 | D:2      | Slain by Natasha

Illustrated notes

Levels and vault maps discovered:
D:1:      lemuel_arrival_lava_pool, layout_basic,
          hellmonk_ecumenical_altar_zigzags
D:2:      layout_loops_ring, uniq_natasha, uniq_terence

Skill      XL: |  1  2  3 |
---------------+----------+-----
Spellcasting   | 4 |  4.1
Dodging        | |  2.3
Stealth        | |  1.8

Action                   |  1- 3 |  4- 6 || total
-------------------------+-------+-------++-------
Melee: Unarmed           |     2 |       ||     2
       Dagger            |     1 |       ||     1
 Cast: Freeze            |    40 |     2 ||    42
       Frozen Ramparts   |     1 |     1 ||     2
  Use: Scroll            |     2 |       ||     2
Armor: Robe              |     4 |       ||     4
Dodge: Dodged            |    25 |     1 ||    26
